 Dungeon Crawl Stone Soup version 0.17.0-24-gcfadda4 (webtiles) character file.

116 Ace the Insei (level 5, -3/28 HPs)
             Began as a Vine Stalker Monk on Nov 18, 2015.
             Slain by a river rat (6 damage)
             ... on level 3 of the Dungeon.
             The game lasted 00:04:24 (1725 turns).

Ace the Insei (Vine Stalker Monk)                   Turns: 1725, Time: 00:04:24

Health: -3/28      AC:  2    Str: 16    XL:     5   Next: 0%
Magic:  0/6        EV: 13    Int: 10    God:
Gold:   85         SH:  0    Dex: 18    Spells: 0 memorised, 4 levels left

rFire  . . .     SeeInvis +       - Unarmed
rCold  . . .     Clarity  .     a - +0 robe
rNeg   . . .     SustAt   .     (no shield)
rPois  .         Gourm    .     (no helmet)
rElec  .         Spirit   +     (no cloak)
rCorr  .         Warding  .     (no gloves)
rMut   .         Stasis   .     (no boots)
MR     .....                    (no amulet)
Stlth  +++.......               f - ring of see invisible
                                d - +3 ring of strength

@: not resistant to hostile enchantments, fairly stealthy
A: fangs 2, regeneration 1, magic shield, antimagic bite, no device heal 3, rot
immunity
a: no special abilities


You were on level 3 of the Dungeon.
You were not hungry.

You visited 1 branch of the dungeon, and saw 3 of its levels.

You collected 85 gold pieces.

Inventory:

Armour
 a - a +0 robe (worn)
Jewellery
 d - a +3 ring of strength (left hand)
 f - a ring of see invisible (right hand)
Scrolls
 e - 2 scrolls of remove curse {unknown}
 j - a scroll of random uselessness {unknown}
 k - a scroll of amnesia {unknown}
 l - a scroll of magic mapping {unknown}
 m - 2 scrolls of identify {unknown}
Potions
 g - 2 potions of curing {unknown}
 h - a potion of cancellation {unknown}
 o - a potion of degeneration {unknown}
Comestibles
 b - 3 bread rations
 c - a meat ration
 i - a beef jerky
 n - 6 chunks of flesh


   Skills:
 + Level 3.5 Fighting
 + Level 2.6 Dodging
 + Level 4.2 Stealth
 + Level 4.6 Unarmed Combat


You had 4 spell levels left.
You didn't know any spells.

Dungeon Overview and Level Annotations

Branches:
Dungeon (3/15)

Altars:
Fedhas
Makhleb
Zin

Portals:
Sewer: D:3


Innate Abilities, Weirdness & Mutations

You have extremely sharp teeth.
Your natural rate of healing is unusually fast.
When hurt, damage is shared between your health and your magic reserves.
Your bite disrupts and absorbs the magic of your enemies.
Potions and wands cannot restore your health.
You are immune to rotting.


Message History

You punch the river rat, but do no damage.
The river rat bites you. The river rat barely misses you.
You hit the river rat. Your bite misses the river rat.
The river rat is severely wounded.
The river rat bites you!
* * * LOW HITPOINT WARNING * * *
The river rat completely misses you.
You hit the river rat.
You kill the river rat!
You have reached level 5!
You hit the river rat but do no damage. Your bite misses the river rat.
The river rat barely misses you.
You completely miss the river rat. You bite the river rat. You drain its power.
You feel invigorated.
The river rat is lightly wounded.
The river rat barely misses you. The river rat misses you.
You hit the river rat. Your bite misses the river rat.
The river rat is moderately wounded.
The river rat bites you!
You die...

#.##.# #..........# #.######
#.##.###..........# #.#
##.##...........# #.#
#.....#####..##.# #.# .
##.....# #..##.#########.####.#
.......# #............##...<...
##.....# #..........((†.......#
###...# #####r######)#########
####.### #@#### #.# #2####
#.r..# #.# ###.# ####.# #.####
._.#### #.# #....# ...#..##
##>###.###.### ...+...#
#.............
...#...###########..###.###.###
._.###...........<..# #........
#####..#.##########.# #########


You could see 2 river rats.

Vanquished Creatures
  An orc wizard (D:3)
  An adder (D:3)
  A river rat (D:3)
  2 worms
  2 giant geckos (D:1)
  2 orcs (D:3)
  8 bats
  4 giant cockroaches
  8 hobgoblins
  4 jackals (D:3)
  A quokka (D:3)
  A giant newt (D:2)
  9 goblins
  12 kobolds
  5 rats
61 creatures vanquished.

Vanquished Creatures (others)
  4 toadstools (D:1)
4 creatures vanquished.

Grand Total: 65 creatures vanquished

Notes
Turn   | Place    | Note
--------------------------------------------------------------
     0 | D:1      | Ace the Vine Stalker Monk began the quest for the Orb.
     0 | D:1      | Reached XP level 1. HP: 11/11 MP: 2/2
    65 | D:1      | Reached XP level 2. HP: 14/16 MP: 0/3
   455 | D:1      | Reached XP level 3. HP: 17/19 MP: 4/4
  1088 | D:2      | Found a blossoming altar of Fedhas.
  1436 | D:2      | Reached XP level 4. HP: 22/24 MP: 5/5
  1601 | D:3      | Found a glowing silver altar of Zin.
  1601 | D:3      | Found a burning altar of Makhleb.
  1602 | D:3      | Noticed a balrug
  1602 | D:3      | Noticed an angel
  1698 | D:3      | Found a glowing drain.
  1721 | D:3      | HP: 1/24 [river rat (8)]
  1722 | D:3      | Reached XP level 5. HP: 1/28 MP: 0/6
  1725 | D:3      | Slain by a river rat

Action                   |  1- 3 |  4- 6 || total
-------------------------+-------+-------++-------
Melee: Unarmed           |   137 |    61 ||   198
 Stab: Sleeping          |     1 |       ||     1
  Eat: Chunk             |     2 |     1 ||     3
